 Dungeon Crawl Stone Soup version 0.29.1-15-g9cfb28693d (webtiles) character file.

Game seed: 3727819575499698641

173 safid the Chiller (level 5, -5/40 HPs)
             Began as a Merfolk Ice Elementalist on Apr 19, 2023.
             Slain by an ice beast (13 damage)
             ... on level 4 of the Dungeon.
             The game lasted 00:04:37 (3535 turns).

safid the Chiller (Merfolk Ice Elementalist)        Turns: 3535, Time: 00:04:38

Health: -5/40      AC:  8    Str:  8    XL:     5   Next: 53%
Magic:  7/10       EV: 12    Int: 16    God:
Gold:   104        SH:  0    Dex: 15    Spells: 3/10 levels left

rFire   . . .      SeeInvis .   q - +2 dagger (speed)
rCold   . . .      Faith    .   (no shield)
rNeg    . . .      Spirit   .   a - +0 robe
rPois   .          Reflect  .   e - +0 hat
rElec   .          Harm     .   (no cloak)
rCorr   .          Rampage  .   (no gloves)
Will    .....                   (no boots)
Stlth   ++........              (no amulet)
HPRegen 0.13/turn               (no ring)
MPRegen 0.12/turn               (no ring)

@: ice-armoured
A: (nimble swimmer 2), mertail
a: no special abilities


You were on level 4 of the Dungeon.
You visited 1 branch of the dungeon, and saw 4 of its levels.

You collected 104 gold pieces.

Inventory:

Hand Weapons
 q - a +2 dagger of speed (weapon)
Armour
 a - a +0 robe (worn)
 d - a +0 helmet
 e - a +0 hat (worn)
Scrolls
 c - a scroll of enchant armour {unknown}
 f - 3 scrolls of amnesia {unknown}
 g - 2 scrolls of teleportation {unknown}
 j - a scroll of fear {unknown}
 l - 2 scrolls of identify {unknown}
 o - a scroll of immolation {unknown}
Potions
 b - a potion of magic
 h - 2 potions of curing {unknown}
 i - 3 potions of attraction {unknown}
 k - 2 potions of haste {unknown}
 m - a potion of degeneration {unknown}
 n - 2 potions of mutation {unknown}
 p - a potion of cancellation {unknown}
 r - a potion of brilliance {unknown}


   Skills:
 + Level 2.9 Fighting
 - Level 2.6 Dodging
 - Level 2.1 Stealth
 + Level 3.3 Spellcasting
 + Level 5.5 Ice Magic


You had 3 spell levels left.
You knew the following spells:

 Your Spells              Type           Power      Damage    Failure   Level
a - Freeze                Ice            80%        1d9       1%          1
b - Frozen Ramparts       Ice            40%        1d7       5%          3
c - Ozocubu's Armour      Ice            20%        N/A       5%          3

Your spell library contained the following spells:

 Spells                   Type           Power      Damage    Failure   Level
 Hailstorm                Conj/Ice       11%        3d5       50%         4
 Fireball                 Conj/Fire      1%         3d3       99%         5
 Iskenderun's Battlesphe  Conj           2%         2d6       99%         5
 Conjure Ball Lightning   Conj/Air       1%         3x3d6     100%        6
 Orb of Destruction       Conj           1%         9d5       100%        7


Dungeon Overview and Level Annotations

Branches:
Dungeon (4/15)
 Temple: D:4-7

Altars:
Dithmenos

Shops:
D:1 (

Annotations:
D:3 Sigmund


Innate Abilities, Weirdness & Mutations

((You are very nimble when in or above water. (Stealth+, EV+, Speed+++)))
Your lower body shifts to a powerful aquatic tail in water.


Message History

Found 2 poisoned darts.
Casting: Freeze (safe; 1% risk of failure)
Confirm with . or Enter, or press ? or * to list all spells.
A film of ice covers your body! The ice beast closely misses you.
The ice beast hits you but does no damage.
You closely miss the ice beast. You hit the ice beast.
The ice beast is lightly wounded.
The ice beast hits you. The ice beast freezes you!
You barely miss the ice beast.
The ice beast is lightly wounded.
The ice beast hits you but does no damage.
You hit the ice beast but do no damage.
The ice beast is lightly wounded.
You hit the ice beast.
The ice beast is lightly wounded.
The ice beast hits you. The ice beast freezes you!
* * * LOW HITPOINT WARNING * * *
You are too injured to fight recklessly!
You are too injured to fight recklessly!
You are too injured to fight recklessly!
You are too injured to fight recklessly!
You are too injured to fight recklessly!
You are too injured to fight recklessly!
You are too injured to fight recklessly!
You are too injured to fight recklessly!
You are too injured to fight recklessly!
You are too injured to fight recklessly!
You are too injured to fight recklessly!
You are too injured to fight recklessly!
You are too injured to fight recklessly!
You are too injured to fight recklessly!
You are too injured to fight recklessly!
Unknown command.
You hit the ice beast but do no damage.
The ice beast is lightly wounded.
The ice beast hits you.
* * * LOW HITPOINT WARNING * * *
The ice beast freezes you!
You die...

#.......## #..#
#####....## #..##
#.##...# #...+
######..#####...##
##. ##..........
#..# ##.....##..
#..###......##.#
#...#.##...#Y.#
#....## #..#@.#
##...## #...##
#..#..## #...# #
#.###...#
#...###..# #..
##..###........#
...##...#.....###(.
#.........!##
###........##
###.#...>.##


You could see an ice beast.

Vanquished Creatures
  An orc priest (D:3)
  A hound (D:4)
  An orc wizard (D:3)
  5 adders
  A worm (D:2)
  A dart slug (D:3)
  3 orcs (D:3)
  2 ball pythons
  3 endoplasms
  2 giant cockroaches (D:2)
  A goblin (D:2)
  5 hobgoblins
  4 kobolds
  2 quokkas
  7 bats
  A frilled lizard (D:2)
  3 rats
43 creatures vanquished.

Notes
Turn   | Place    | Note
-------+----------+-------------------------------------------
     0 | D:1      | safid the Merfolk Ice Elementalist began the quest for the
                  | Orb.
     0 | D:1      | Reached XP level 1. HP: 13/13 MP: 3/3
   392 | D:1      | Found Arphoq's Weapon Boutique.
   607 | D:1      | Reached XP level 2. HP: 20/20 MP: 5/5
   706 | D:1      | Reached skill level 1 in Fighting
  1129 | D:2      | Found a faded altar of an unknown god.
  1170 | D:2      | Reached XP level 3. HP: 26/26 MP: 4/6
  1815 | D:2      | Found a shadowy altar of Dithmenos.
  2156 | D:2      | Reached skill level 5 in Ice Magic
  2156 | D:2      | Reached XP level 4. HP: 3/33 MP: 1/8
  2169 | D:2      | Learned a level 3 spell: Frozen Ramparts
  2173 | D:2      | Learned a level 3 spell: Ozocubu's Armour
  2847 | D:3      | Reached XP level 5. HP: 19/39 MP: 6/9
  3097 | D:3      | Noticed Sigmund
  3452 | D:4      | Noticed an ice beast
  3535 | D:4      | Slain by an ice beast

Illustrated notes

Levels and vault maps discovered:
D:1:      dpeg_arrival_stone_temple_mockup, layout_basic, serial_shops,
          nicolae_shop_stone
D:2:      minmay_wonky_spiral, layout_basic, basic_altar,
          shapermc_ecumenical_altar_totnotflames
D:3:      layout_basic, interstate_on_off, kennysheep_orc_chapel, uniq_sigmund,
          uniq_jessica
D:4:      nicolae_cairo_tiling_very_big, layout_layer_cave

Skill      XL: |  1  2  3  4 |
---------------+-------------+-----
Fighting       | 1 2 |  2.9
Ice Magic      | 5 |  5.5
Spellcasting   | 3 |  3.3
Dodging        | |  2.6
Stealth        | |  2.1

Action                   |  1- 3 |  4- 6 || total
-------------------------+-------+-------++-------
Melee: Short sword       |    43 |     1 ||    44
       Dagger            |       |    21 ||    21
 Cast: Freeze            |    37 |    15 ||    52
       Frozen Ramparts   |       |     2 ||     2
       Ozocubu's Armour  |       |     1 ||     1
Armor: Robe              |    16 |     9 ||    25
Dodge: Dodged            |    63 |    24 ||    87
